 Dungeon Crawl Stone Soup version 0.16-a0-421-gd787d97 (webtiles) character file.

135 Ratboiler the Ruinous (level 4, -5/27 HPs)
             Began as a High Elf Conjurer on Sept 15, 2014.
             Slain by an iguana (7 damage)
             ... on Level 4 of the Dungeon.
             The game lasted 00:11:46 (3842 turns).

Ratboiler the Ruinous (High Elf Conjurer)           Turns: 3842, Time: 00:11:46

HP  -5/27        AC  2     Str  7      XL: 4   Next: 96%
MP   0/11        EV 13     Int 23      God:
Gold 223         SH  0     Dex 15      Spells:  3 memorised,  2 levels left

rFire  . . .     SeeInvis .     i - +0 club
rCold  . . .     Clarity  .     a - +0 robe
rNeg   + . .     rCorr    .     (no shield)
rPois  .         rRot     .     (no helmet)
rElec  .         Spirit   .     (no cloak)
SustAb .         Warding  .     (no gloves)
rMut   .         Stasis   .     (no boots)
Gourm  .                        (no amulet)
MR     .....                    h - +3 ring of intelligence
                                e - ring of positive energy

@: not resistant to hostile enchantments, unstealthy
A: no striking features
a: no special abilities


You were on level 4 of the Dungeon.
You were hungry.

You visited 1 branch of the dungeon, and saw 4 of its levels.

You collected 223 gold pieces.

Inventory:

Hand weapons
 i - a +0 club (weapon)
Missiles
 s - 3 curare-tipped needles
Armour
 a - a +0 robe (worn)
Magical devices
 r - a wand of flame (8)
Comestibles
 b - 3 bread rations
 j - 2 meat rations
 k - 2 royal jellies
 q - a beef jerky
 x - a rotting chunk of goblin flesh
 z - 3 fruits
Scrolls
 d - 4 scrolls of remove curse
 n - 2 scrolls of identify {unknown}
 o - 2 scrolls of enchant weapon {unknown}
 t - 2 scrolls of recharging {unknown}
 w - a scroll of fear {unknown}
Jewellery
 e - a ring of positive energy (left hand)
 h - a +3 ring of intelligence (right hand)
 v - an uncursed ring of teleport control
Potions
 f - 4 potions of curing
 g - 2 potions of agility {unknown}
 l - a potion of haste {unknown}
 m - a potion of might {unknown}
 p - a potion of heal wounds {unknown}
 u - a potion of beneficial mutation {unknown}
Books
 c - a book of Conjurations

   Spells                             Type                      Level
   *Magic Dart                        Conjuration                  1
   *Searing Ray                       Conjuration                  2
   *Dazzling Spray                    Conjuration/Hexes            3
   Fulminant Prism                    Conjuration/Hexes            4
   Iskenderun's Mystic Blast          Conjuration                  4
   Iskenderun's Battlesphere          Conjuration/Charms           5


   Skills:
 - Level 2.4 Dodging
 - Level 2.2 Stealth
 - Level 2.5 Spellcasting
 * Level 6.3 Conjurations
 + Level 1.8 Hexes


You had 2 spell levels left.
You knew the following spells:

 Your Spells              Type           Power        Failure   Level  Hunger
a - Magic Dart            Conj           ####         1%          1    None
b - Searing Ray           Conj           ####..       1%          2    ##.....
c - Dazzling Spray        Conj/Hex       ###.....     10%         3    ###....


Dungeon Overview and Level Annotations

Branches:
Dungeon (4/15)
 Temple: D:4-7

Altars:
Ashenzari
Trog

Annotations:
D:3 Afay's ghost, average MiFi
D:4 Duvessa


Message History

The magic dart hits the iguana.
The iguana is moderately wounded.
Duvessa says, "I don't care about looks, I care about technique!"
The iguana misses you.
An orc comes into view. It is wielding a whip.
Casting: Magic Dart
Confirm with . or Enter, or press ? or * to list all spells.
Aiming: Magic Dart
Press: ? - help, Shift-Dir - straight line, f/p - iguana
Aim: an iguana (moderately wounded)
The magic dart hits the iguana.
The iguana is moderately wounded.
The iguana bites you!
* * * LOW HITPOINT WARNING * * *
Unknown command.
Read which item? (? for menu, Esc to quit)
As you read the scroll labeled NUOXKY JIGADU, it crumbles to dust.
You feel blessed for a moment.
It was a scroll of remove curse.
The iguana bites you!
You die...

#.##.####
#.# #o# .#
#.# #.# .
..# #l# ##
#.# #.# #o#
#a# #.# #.#
#.# #l######
#.# #....l.#
#@# ######.#
#l# #.# #a#
#.# #l#
#.########e#
#.oo.el..oo#
############


You could see Duvessa, an iguana, a worker ant, 3 orcs and a giant newt.

Vanquished Creatures
  An orc priest (D:3)
  An orc wizard (D:4)
  An adder (D:3)
  A worm (D:2)
  2 giant geckos
  5 orcs (D:3)
  6 bats
  2 giant cockroaches (D:2)
  6 hobgoblins
  4 jackals (D:1)
  6 kobolds
  3 quokkas (D:2)
  3 giant newts
  7 goblins
  5 rats
53 creatures vanquished.

Notes
Turn   | Place    | Note
--------------------------------------------------------------
     0 | D:1      | Ratboiler, the High Elf Conjurer, began the quest for the Orb.
     0 | D:1      | Reached XP level 1. HP: 11/11 MP: 4/4
   846 | D:1      | Reached XP level 2. HP: 13/17 MP: 0/6
   922 | D:1      | Learned a level 2 spell: Searing Ray
  1793 | D:2      | Reached skill level 5 in Conjurations
  2005 | D:2      | Reached XP level 3. HP: 21/21 MP: 0/8
  2122 | D:2      | Learned a level 3 spell: Dazzling Spray
  2540 | D:2      | Found a bloodstained altar of Trog.
  2917 | D:3      | Noticed Afay's ghost (average MiFi)
  3068 | D:3      | Reached XP level 4. HP: 27/27 MP: 5/11
  3197 | D:3      | Reached skill level 1 in Hexes
  3200 | D:3      | Reached skill level 6 in Conjurations
  3590 | D:3      | Found a shattered altar of Ashenzari.
  3782 | D:4      | Noticed Duvessa
  3842 | D:4      | Slain by an iguana

Action                   |  1- 3 |  4- 6 || total
-------------------------+-------+-------++-------
Melee: Unarmed           |     5 |       ||     5
       Club              |    24 |     3 ||    27
 Cast: Magic Dart        |    88 |    30 ||   118
       Searing Ray       |     1 |       ||     1
       Dazzling Spray    |       |     4 ||     4
Evoke: Wand              |     1 |       ||     1
  Use: Scroll            |       |     1 ||     1
       Potion            |       |     1 ||     1
  Eat: Chunk             |     5 |     2 ||     7
       Pizza             |     1 |       ||     1
